 Dungeon Crawl Stone Soup version 0.31-a0-631-g285b096dc4 (console) character file.

Game seed: 10482914641344633815

27 jejorda2 the Chopper (level 3, 0/35 HPs)
             Began as a Gnoll Berserker on Aug 25, 2023.
             Was a Follower of Trog.
             Slain by an adder (1 damage)
             ... on level 1 of the Dungeon.
             The game lasted 00:01:43 (733 turns).

jejorda2 the Chopper (Gnoll Berserker)               Turns: 733, Time: 00:01:43

Health: 0/35       AC:  2    Str: 18    XL:     3   Next: 10%
Magic:  3/3        EV: 13    Int:  6    God:    Trog [*.....]
Gold:   28         SH:  0    Dex: 11    Spells: 3/3 levels left

rFire   + . .        a - +0 hand axe
rCold   . . .        (no shield)
rNeg    . . .        b - +0 animal skin
rPois   .            (helmet restricted)
rElec   .            (no cloak)
rCorr   .            (no gloves)
SInv    .            (no boots)
Will    .....        (no amulet)
Stlth   +            f - ring of protection from fire
HPRegen 0.25/turn    (no ring)
MPRegen 0.08/turn

%: no passive effects
@: lethally poisoned (0 -> -1), on berserk cooldown, slowed, very slow
A: fangs 1, strong nose, distributed training, horns 1, evolution 1, MP-powered
wands
a: Renounce Religion, Berserk


You were on level 1 of the Dungeon.
You worshipped Trog.
Trog was aware of your devotion.
You visited 1 branch of the dungeon, and saw 2 of its levels.

You collected 28 gold pieces.

Inventory:

Hand Weapons
 a - a +0 hand axe (weapon)
Armour
 b - a +0 animal skin (worn)
Jewellery
 f - a ring of protection from fire (left hand)
Scrolls
 d - a scroll of identify {unknown}
 e - a scroll of teleportation {unknown}
 g - a scroll of blinking {unknown}
 h - a scroll of fog {unknown}
 i - a scroll of revelation {unknown}


   Skills:
 + Level 6.5 Fighting
 + Level 0.6 Short Blades
 + Level 0.6 Long Blades
 + Level 6.5 Axes
 + Level 0.6 Maces & Flails
 + Level 0.6 Polearms
 + Level 0.6 Staves
 + Level 0.6 Ranged Weapons
 + Level 0.6 Throwing
 + Level 4.5 Armour
 + Level 4.5 Dodging
 + Level 0.6 Stealth
 + Level 0.6 Shields
 + Level 0.6 Unarmed Combat
 + Level 0.6 Spellcasting
 + Level 0.4 Conjurations
 + Level 0.4 Hexes
 + Level 0.4 Summonings
 + Level 0.4 Necromancy
 + Level 0.4 Translocations
 + Level 0.4 Transmutations
 + Level 0.4 Fire Magic
 + Level 0.4 Ice Magic
 + Level 0.4 Air Magic
 + Level 0.4 Earth Magic
 + Level 0.4 Poison Magic
 + Level 0.8 Invocations
 + Level 0.6 Evocations
 + Level 0.5 Shapeshifting


You had 3 spell levels left.
You didn't know any spells.
Your spell library was empty.

Dungeon Overview and Level Annotations

Branches:
Dungeon (2/15)

Altars:


Innate Abilities, Weirdness & Mutations

You have very sharp teeth.
Your uncanny sense of smell can sniff out nearby items.
Your experience applies equally to all skills.
You have a pair of small horns on your head.
You have hidden genetic potential.
You expend magic power (3 MP) to strengthen your wands.


Message History

You feel yourself slow down.
You feel sick.
You feel sick.
An adder comes into view.
You feel sick.
You are no longer poisoned.
The adder hisses angrily.
A quokka comes into view.
The adder attacks as it pursues you! The adder bites you.
You are poisoned.
The adder poisons you! The adder bites you.
There is a stone staircase leading up here.
You can't go down here!
You feel sick. The quokka closely misses you. The adder closely misses you.
The quokka bites you.
You climb upwards.
You feel sick.
There is a stone staircase leading down here.
Unknown command.
You hit the adder.
The adder is severely wounded.
You hit the quokka.
You feel sick.
You are no longer poisoned.
The adder bites you.
* * * LOW HITPOINT WARNING * * *
You are poisoned.
The adder poisons you! The quokka closely misses you. The adder bites you.
* * * LOW HITPOINT WARNING * * *
The quokka bites you but does no damage.
It was a potion of mutation.
You feel extremely strange.
You feel a hidden potential growing inside you.
You feel your magical essence link to the dungeon's wands.
A pair of horns grows on your head!
* * * LOW HITPOINT WARNING * * *
You feel sick. The adder closely misses you. The quokka closely misses you.
The adder misses you.
You barely miss the adder. Your headbutt misses the adder.
The adder is severely wounded.
You hit the quokka.
* * * LOW HITPOINT WARNING * * *
You feel sick. The adder bites you.
You die...

#.###########........#.## #.#
#.#...............†.....#####..
#.#.######.......†....#........
#.#.# #.##..####.....#####.#
#.#.# #.##.....##.#.## #..
#.#.# #.##........).# #.#
###.#.# #.###.##.##.### #.#
....#.# #.# #S##.##.# #.#
....#.# #.# #@##.##.########..
......# #.# #r##.##...........
...#### #.# #.##.############.
...# #.# #.##.# #. .### #.#
#.##.# #. .# #.###.##.# #.
.###########.#...##.# #.
.............#.#.##.######## #.
.#######...................# #.


You could see an adder and a quokka.

Vanquished Creatures
  An adder (D:2)
  A dart slug (D:2)
  3 endoplasms
  A goblin (D:2)
  A hobgoblin (D:2)
  2 ball pythons (D:1)
  4 bats
  2 kobolds (D:1)
  3 rats (D:1)
18 creatures vanquished.

Notes
Turn   | Place    | Note
-------+----------+-------------------------------------------
     0 | D:1      | jejorda2 the Gnoll Berserker began the quest for the Orb.
     0 | D:1      | Reached XP level 1. HP: 23/23 MP: 1/1
   275 | D:1      | Reached XP level 2. HP: 18/29 MP: 2/2
   717 | D:2      | Reached XP level 3. HP: 35/35 MP: 3/3
   732 | D:1      | Gained mutation: You have hidden genetic potential. [potion
                  | of mutation]
   732 | D:1      | Gained mutation: You expend magic power (3 MP) to
                  | strengthen your wands. [potion of mutation]
   732 | D:1      | Gained mutation: You have a pair of small horns on your
                  | head. [potion of mutation]
   733 | D:1      | HP: 1/35 [poisoned by an adder]
   733 | D:1      | Slain by an adder

Illustrated notes

Levels and vault maps discovered:
D:1:      eino_arrival_water_cross, layout_loops_ring
D:2:      layout_basic, uniq_robin

Action                     || total
---------------------------++-------
  Melee: Hand axe          ||    40
         Bite              ||     5
 Invoke: Berserk           ||     1
    Use: Potion            ||     1
 Armour: Animal skin       ||     6
  Dodge: Dodged            ||    28

Table legend: (Time is in decaauts)
 A = Elapsed time spent in this place.
 B = Non-inter-level travel time spent in this place.
 C = Inter-level travel time spent in this place.
 D = Time resting spent in this place.
 E = Time spent auto-exploring this place.
 F = Levels seen in this place.
 G = Mean time per level.
                   A        B        C        D        E       F      G
               +--------+--------+--------+--------+--------+-----+--------+
         Total |    733 |    724 |      9 |      0 |    624 |   2 |  366.5 |
       Dungeon |    733 |    724 |      9 |      0 |    624 |   2 |  366.5 |
               +--------+--------+--------+--------+--------+-----+--------+

Top non-repeatable levels by time:
     D:1: 680 daAuts
     D:2: 53 daAuts
